 Dungeon Crawl Stone Soup version 0.30-a0-586-g23e55c9e0a (webtiles) character file.

Game seed: 12662556486389361333

44 whiskeysaurus the Magician (level 3, -2/24 HPs)
             Began as a Demonspawn Wanderer on Jan 3, 2023.
             Slain by Terence
             ... wielding a +0 hand axe
              (5 damage)
             ... on level 2 of the Dungeon.
             The game lasted 00:03:25 (1082 turns).

whiskeysaurus the Magician (Demonspawn Wanderer)    Turns: 1082, Time: 00:03:25

Health: -2/24      AC:  5    Str: 15    XL:     3   Next: 41%
Magic:  8/8        EV: 11    Int: 13    God:
Gold:   71         SH:  0    Dex: 11    Spells: 6/10 levels left

rFire   . . .      SeeInvis .    a - +2 dagger
rCold   . . .      Faith    .    (no shield)
rNeg    . . .      Spirit   .    e - +0 leather armour
rPois   .          Reflect  .    (no helmet)
rElec   .          Harm     .    (no cloak)
rCorr   .          Rampage  .    (no gloves)
Will    .....                    (no boots)
Stlth   +                        (no amulet)
HPRegen 0.24/turn                (no ring)
MPRegen 0.11/turn                (no ring)

@: no status effects
A: icy blue scales 1
a: no special abilities


You were on level 2 of the Dungeon.
You visited 1 branch of the dungeon, and saw 2 of its levels.

You collected 71 gold pieces.

Inventory:

Hand Weapons
 a - a +2 dagger (weapon)
Missiles
 b - a curare-tipped dart (quivered)
 l - 4 poisoned darts
 m - 15 stones
Armour
 e - a +0 leather armour (worn)
 j - a +0 robe
Jewellery
 p - a ring of ice
Wands
 c - a wand of polymorph (7)
Scrolls
 f - a scroll of acquirement {unknown}
 g - a scroll of fear {unknown}
 h - a scroll of teleportation {unknown}
 k - 5 scrolls of identify {unknown}
 r - a scroll of brand weapon {unknown}
 t - a scroll of magic mapping {unknown}
Potions
 d - 2 potions of curing
 i - a potion of attraction {unknown}
 n - a potion of degeneration {unknown}
 o - a potion of resistance {unknown}
 q - 2 potions of mutation {unknown}
 s - a potion of ambrosia {unknown}


   Skills:
 - Level 2.6 Throwing
 - Level 1.0 Armour
 + Level 1.9 Dodging
 + Level 4.3 Spellcasting
 + Level 1.3 Earth Magic
 - Level 1.0 Evocations


You had 6 spell levels left.
You knew the following spells:

 Your Spells              Type           Power      Damage    Failure   Level
a - Kiss of Death         Conj/Necr      8%         2d6       24%         1
b - Stone Arrow           Conj/Erth      8%         3d7       50%         3

Your spell library contained the following spells:

 Spells                   Type           Power      Damage    Failure   Level
 Apportation              Tloc           4%         N/A       24%         1
 Necrotise                Necr           8%         1d4       24%         1
 Summon Small Mammal      Summ           8%         N/A       24%         1
 Tukima's Dance           Hex            2%         N/A       58%         3
 Passage of Golubria      Tloc           2%         N/A       94%         4
 Alistair's Intoxication  Tmut/Pois      1%         N/A       100%        5
 Yara's Violent Unravell  Hex/Tmut       1%         3d3       100%        5


Dungeon Overview and Level Annotations

Branches:
Dungeon (2/15)

Altars:

Annotations:
D:2 Terence


Innate Abilities, Weirdness & Mutations

You are partially covered in icy blue scales. (AC +2)


Message History

You are too injured to fight recklessly!
You are too injured to fight recklessly!
You are too injured to fight recklessly!
You are too injured to fight recklessly!
You are too injured to fight recklessly!
You are too injured to fight recklessly!
You are too injured to fight recklessly!
You are too injured to fight recklessly!
You are too injured to fight recklessly!
You are too injured to fight recklessly!
You are too injured to fight recklessly!
You are too injured to fight recklessly!
You are too injured to fight recklessly!
You are too injured to fight recklessly!
You are too injured to fight recklessly!
You are too injured to fight recklessly!
You closely miss Terence.
Terence is moderately wounded.
Terence hits you with a +0 hand axe.
* * * LOW HITPOINT WARNING * * *
You hit Terence but do no damage.
Terence is moderately wounded.
Terence hits you but does no damage.
You hit Terence.
Terence is heavily wounded.
Terence closely misses you.
You closely miss Terence.
Terence is heavily wounded.
Terence hits you but does no damage.
You hit Terence.
Terence is almost dead.
Terence closely misses you.
You hit Terence but do no damage.
Terence is almost dead.
Terence hits you with a +0 hand axe.
* * * LOW HITPOINT WARNING * * *
You hit Terence but do no damage.
Terence is almost dead.
Terence hits you with a +0 hand axe.
You die...

.......##...#
.......##...#
.......##...#
)......##...# ###
.......##...##.#..
.......#######.#.#
.......##### #.#.#
...........###.#@#
##########..##.#@#
##)##.#.# #..#.#.#
##.....#
##..########
##.........
########.#


You could see Terence.

Vanquished Creatures
  8 endoplasms
  6 goblins
  5 hobgoblins
  2 jackals (D:2)
  4 ball pythons
  4 bats
  2 frilled lizards
  5 kobolds
  3 rats
39 creatures vanquished.

Notes
Turn   | Place    | Note
-------+----------+-------------------------------------------
     0 | D:1      | whiskeysaurus the Demonspawn Wanderer began the quest for
                  | the Orb.
     0 | D:1      | whiskeysaurus set off with the following items: a +2
                  | dagger, a curare-tipped dart, a wand of polymorph (7), a
                  | potion of curing, a +0 leather armour; and the following
                  | spell memorised: Kiss of Death; and the following spells
                  | available to memorise: Stone Arrow.
     0 | D:1      | Reached XP level 1. HP: 13/13 MP: 5/5
   151 | D:1      | Gained mutation: You are partially covered in icy blue
                  | scales. (AC +2) [demonic ancestry]
   151 | D:1      | Reached XP level 2. HP: 19/19 MP: 7/7
   261 | D:1      | Reached skill level 1 in Earth Magic
   672 | D:2      | Reached XP level 3. HP: 20/24 MP: 8/8
  1004 | D:2      | Found a faded altar of an unknown god.
  1009 | D:2      | Learned a level 3 spell: Stone Arrow
  1060 | D:2      | Noticed Terence
  1082 | D:2      | Slain by Terence

Illustrated notes

Levels and vault maps discovered:
D:1:      dpeg_arrival_shelter, layout_rooms, minivault_24
D:2:      layout_basic, basic_ecumenical_altar, minivault_27, uniq_terence

Skill      XL: |  1  2 |
---------------+-------+-----
Earth Magic    | 1 |  1.3
Throwing       | |  2.6
Armour         | |  1.0
Dodging        | |  1.9
Spellcasting   | |  4.3
Evocations     | |  1.0

Action                   || total
-------------------------++-------
Melee: Dagger            ||   146
       Punch             ||     1
Armor: Leather armour    ||    53
Dodge: Dodged            ||    80

Table legend: (Time is in decaauts)
 A = Elapsed time spent in this place.
 B = Non-inter-level travel time spent in this place.
 C = Inter-level travel time spent in this place.
 D = Time resting spent in this place.
 E = Time spent auto-exploring this place.
 F = Levels seen in this place.
 G = Mean time per level.
                   A        B        C        D        E       F      G
               +--------+--------+--------+--------+--------+-----+--------+
         Total |   1081 |   1015 |     66 |      0 |    713 |   2 |  540.5 |
       Dungeon |   1081 |   1015 |     66 |      0 |    713 |   2 |  540.5 |
               +--------+--------+--------+--------+--------+-----+--------+

Top non-repeatable levels by time:
     D:1: 589 daAuts
     D:2: 492 daAuts
